 Dungeon Crawl Stone Soup version 0.31.0-11-ge490571c62 (webtiles) character file.

Game seed: 9148380444848402301

128 iamserjio the Chopper (level 4, 0/41 HPs)
             Began as a Minotaur Fighter on Feb 4, 2024.
             Slain by Edmund
             ... wielding a +3 flail of protection
              (11 damage)
             ... on level 4 of the Dungeon.
             The game lasted 00:01:05 (1030 turns).

iamserjio the Chopper (Minotaur Fighter)            Turns: 1030, Time: 00:01:05

Health: 0/41       AC:  7    Str: 22    XL:     4   Next: 86%
Magic:  3/3        EV:  9    Int:  5    God:
Gold:   99         SH:  4    Dex: 10    Spells: 3/3 levels left

rFire   . . .        a - +0 war axe
rCold   . . .        c - +0 buckler
rNeg    . . .        b - +0 scale mail
rPois   .            (helmet restricted)
rElec   .            (no cloak)
rCorr   .            (no gloves)
SInv    .            (no boots)
Will    .....        (no amulet) Stlth
                     (no ring)
HPRegen 0.26/turn    (no ring)
MPRegen 0.08/turn

%: no passive effects
@: mighty
A: horns 2, retaliatory headbutt
a: no special abilities


You were on level 4 of the Dungeon.
You visited 1 branch of the dungeon, and saw 4 of its levels.

You collected 99 gold pieces.

Inventory:

Hand Weapons
 a - a +0 war axe (weapon)
Armour
 b - a +0 scale mail (worn)
 c - a +0 buckler (worn)
 f - a scarf of harm
Jewellery
 l - a +4 ring of protection
Talismans
 k - a beast talisman
Wands
 m - a wand of flame (12)
Scrolls
 h - a scroll of brand weapon {unknown}
Potions
 d - a potion of might {@q3}
 e - a potion of ambrosia {unknown}
 g - a potion of heal wounds {unknown}
 i - a potion of curing {unknown}
 j - a potion of haste {unknown}


   Skills:
 + Level 4.6 Fighting
 * Level 4.7 Axes
 + Level 4.6 Armour
 - Level 3.6 Shields


You had 3 spell levels left.
You didn't know any spells.
Your spell library was empty.

Dungeon Overview and Level Annotations

Branches:
Dungeon (4/15) Zot: 22937
 Temple: D:4-7

Altars:

Annotations:
D:4 Edmund


Innate Abilities, Weirdness & Mutations

You have a pair of horns on your head.
You reflexively headbutt those who attack you in melee.


Message History

No target in view!
No target in view!
HP restored.
A hobgoblin comes into view.
A hobgoblin is nearby!
A hobgoblin is nearby!
The hobgoblin shouts!
You hear a shout!
You see here a +0 dagger.
You hit the hobgoblin.
Edmund the Younger comes into view.
He is wielding a +3 flail of protection.
The hobgoblin hits you. x2
You slash the hobgoblin!
You kill the hobgoblin!
Okay, then.
You feel very mighty all of a sudden.
Edmund says, "I'm quite good with sums, too."
Edmund hits you but does no damage.
You slash Edmund! Your headbutt misses Edmund. Edmund barely misses you.
You barely miss Edmund. Your headbutt misses Edmund.
Edmund hits you with a +3 flail of protection!
You barely miss Edmund.
Edmund hits you with a +3 flail of protection.
* * * LOW HITPOINT WARNING * * *
Edmund hits you with a +3 flail of protection.
* * * LOW HITPOINT WARNING * * *
You are too injured to fight recklessly!
You are too injured to fight recklessly!
You are too injured to fight recklessly!
You are too injured to fight recklessly!
You are too injured to fight recklessly!
You are too injured to fight recklessly!
You are too injured to fight recklessly!
You hit Edmund but do no damage. You headbutt Edmund. Edmund barely misses you.
You barely miss Edmund.
Edmund hits you with a +3 flail of protection.
* * * LOW HITPOINT WARNING * * *
You closely miss Edmund. You headbutt Edmund! You block Edmund's attack.
Edmund hits you with a +3 flail of protection!
You die...
Edmund says, "I'd like to see a scythe do that!"

##.#......#.
.....#.......
....'....P.#
...'...:P.#..#
..#P.....#..#
########.# .... P.###
.........###.###.....
.....................
......@@..)..........
.....................
............†........
'#####+######'#######
..........#
..........# .#
..........# ..#
..........# ..# ..
..######'##>..# ...


You could see Edmund.

Vanquished Creatures
  A howler monkey (D:4)
  2 adders
  A gnoll (D:1)
  2 ribbon worms
  2 dart slugs
  6 bats
  5 endoplasms
  A giant cockroach (D:1)
  3 goblins
  5 hobgoblins
  6 jackals
  3 quokkas
  6 ball pythons
  2 frilled lizards (D:1)
  4 kobolds
  3 rats
52 creatures vanquished.

Notes
Turn   | Place    | Note
-------+----------+-------------------------------------------
     0 | D:1      | iamserjio the Minotaur Fighter began the quest for the Orb.
     0 | D:1      | Reached XP level 1. HP: 19/19 MP: 0/0
    81 | D:1      | Reached XP level 2. HP: 27/27 MP: 1/1
   209 | D:1      | Reached XP level 3. HP: 31/33 MP: 2/2
   711 | D:4      | Reached XP level 4. HP: 40/40 MP: 3/3
  1020 | D:4      | Noticed Edmund
  1030 | D:4      | Slain by Edmund

Illustrated notes

Levels and vault maps discovered:
D:1:      dpeg_arrival_snail, layout_basic, st_stairs_9
D:2:      layout_loops_ring
D:3:      layout_rooms, lemuel_zombie_altar_kikubaaqudgha,
          mainiacjoe_overflow_alcove_1, shapermc_ecumenical_altar_gd
D:4:      cheibrodos_old_hovel, layout_gridville, minmay_door_square,
          uniq_edmund

Skill      XL: |  1  2  3 |
---------------+----------+-----
Axes           | 3 4 |  4.7
Armour         | 4 |  4.6
Fighting       | 4 |  4.6
Shields        | |  3.6

Action                     |  1- 3 |  4- 6 || total
---------------------------+-------+-------++-------
  Melee: War axe           |    77 |    22 ||    99
         Headbutt          |    12 |     6 ||    18
    Use: Potion            |       |     1 ||     1
 Armour: Scale mail        |    58 |    17 ||    75
  Dodge: Dodged            |    36 |     9 ||    45
  Block: Buckler           |    26 |     5 ||    31
